 Dungeon Crawl Stone Soup version 0.31-a0-986-g5e6e4ef867 (webtiles) character file.

Game seed: 12034052216668477117

25312 GloriousHammer the Grappler (level 12, -1/119 HPs)
             Began as a Troll Chaos Knight on Nov 7, 2023.
             Was a Plaything of Xom.
             Slain by a black mamba (5 damage)
             ... on level 2 of the Lair of Beasts on Nov 8, 2023.
             The game lasted 00:39:57 (10130 turns).

GloriousHammer the Grappler (Troll Chaos Knight)   Turns: 10130, Time: 00:39:59

Health: -1/119     AC: 20    Str: 29    XL:     12   Next: 88%
Magic:  11/11      EV: 12    Int: 13    God:    Xom [..*...]
Gold:   876        SH:  0    Dex: 14    Spells: 11/11 levels left

rFire   + .          .
                       - Unarmed
rCold   + . .        (no shield)
rNeg    . . .        H - +4 swamp dragon scales
rPois   +            (helmet restricted)
rElec   .            p - +0 cloak
rCorr   .            (gloves unavailable)
SInv    +            (boots unavailable)
Will    .....        k - amulet of regeneration
Stlth   +++          S - +6 ring of strength
HPRegen 1.99/turn    v - ring of see invisible
MPRegen 0.12/turn

%: clarity
@: no status effects
A: large, unfitting armour, claws 3, regeneration 1, shaggy fur 3, tough skin 1,
antennae 2, iridescent scales 1, thin skeletal structure 1, camouflage 1, agile
1, clarity, clever 1, fire resistance 1
a: Renounce Religion


You were on level 2 of the Lair of Beasts.
You worshipped Xom.
You were a toy of Xom.
You visited 3 branches of the dungeon, and saw 14 of its levels.
You also visited: Bailey.

You collected 1174 gold pieces.
You spent 298 gold pieces at shops.

Inventory:

Hand Weapons
 b - a +0 sling
 o - a +2 quarterstaff of chaos
 q - the +6 hammer "Tec Hus Vou" {heavy, rN+++ Will- rCorr}
   (You found it on level 2 of the Dungeon)

   rN+++:     It renders you almost immune to negative energy.
   Will-:     It decreases your willpower.
   rCorr:     It protects you from acid and corrosion.
 t - the +10 hand axe "Umiad" {elec, rElec rC+ Will- Int+7}
   (You took it off an orc on level 3 of the Dungeon)

   Int+7:     It affects your intelligence (+7).
   rC+:       It protects you from cold.
   rElec:     It insulates you from electricity.
   Will-:     It decreases your willpower.
 T - a +3 short sword of chaos
Missiles
 c - 103 stones
 F - 33 poisoned darts (quivered)
 M - 8 throwing nets
 N - 15 boomerangs
 U - 13 large rocks
 X - 3 javelins
Armour
 a - a +2 robe
 p - a +0 cloak (worn)
 H - +4 swamp dragon scales (worn)
Jewellery
 k - an amulet of regeneration (around neck)
 v - a ring of see invisible (right claw)
 D - a +6 ring of dexterity
 G - a +6 ring of intelligence
 P - a ring of poison resistance
 S - a +6 ring of strength (left claw)
 W - an amulet of faith
Talismans
 E - a blade talisman
Wands
 K - a wand of paralysis (28)
 Y - a wand of acid (4)
Scrolls
 d - 2 scrolls of butterflies
 f - a scroll of blinking
 g - 13 scrolls of teleportation
 j - 4 scrolls of fog
 l - 3 scrolls of vulnerability
 m - a scroll of revelation
 n - 6 scrolls of enchant weapon
 w - 3 scrolls of amnesia {unknown}
 x - a scroll of poison {unknown}
 y - 2 scrolls of fear
 I - a scroll of identify
 J - a scroll of torment {unknown}
 L - 2 scrolls of noise
 V - a scroll of enchant armour
 Z - a scroll of silence {unknown}
Potions
 e - 3 potions of enlightenment
 h - 3 potions of cancellation
 i - 2 potions of brilliance {unknown}
 r - 3 potions of haste
 s - 4 potions of attraction
 u - a potion of magic {unknown}
 z - a potion of might {unknown}
 A - a potion of resistance {unknown}
 B - 4 potions of curing
 C - a potion of invisibility
 O - a potion of berserk rage {unknown}
 Q - 3 potions of heal wounds {unknown}
 R - a potion of lignification {unknown}


   Skills:
 + Level 7.7 Fighting
 * Level 6.7 Throwing
 + Level 5.5 Armour
 + Level 7.5 Dodging
 + Level 14.7 Unarmed Combat
 - Level 4.0 Evocations


You had 11 spell levels left.
You didn't know any spells.
Your spell library contained the following spells:

 Spells                   Type           Power      Damage    Failure   Level
 Apportation              Tloc           0%         N/A       41%         1
 Jinxbite                 Hex            0%         N/A       54%         2
 Call Canine Familiar     Summ           0%         N/A       78%         3
 Dazzling Flash           Conj/Hex       0%         N/A       78%         3
 Ignite Poison            Fire/Tmut/Pois 0%         N/A       78%         3
 Sigil of Binding         Hex            0%         N/A       78%         3
 Animate Armour           Summ/Erth      0%         N/A       99%         4
 Dimensional Bullseye     Hex/Tloc       0%         N/A       99%         4
 Leda's Liquefaction      Hex/Erth       0%         N/A       99%         4
 Summon Lightning Spire   Summ/Air       0%         N/A       99%         4
 Alistair's Intoxication  Tmut/Pois      0%         N/A       100%        5
 Lee's Rapid Deconstruct  Erth           0%         3d4*      100%        5
 Chain Lightning          Conj/Air       0%         N/A       100%        9
 Fire Storm               Conj/Fire      0%         5d1       100%        9
 Shatter                  Erth           0%         3d5*      100%        9


Dungeon Overview and Level Annotations

Branches:
Dungeon (11/15)            Temple (1/1) D:6            Lair (2/5) D:8
    Orc (0/2) D:10         Bailey (visited)
  Swamp: Lair:2-3    Shoals: Lair:2-3     Snake: Lair:2-3    Spider: Lair:2-3

Altars:
Ashenzari
Cheibriados
Dithmenos
Elyvilon
Fedhas
Gozag
Hepliaklqana
Kikubaaqudgha
Makhleb
Nemelex Xobeh
Okawaru
Qazlal
Ru
Sif Muna
Trog
Uskayaw
Vehumet
Wu Jian
Xom
Yredelemnul
Zin
The Shining One

Shops:
D:4 *   D:7 ?   D:10 *

Annotations:
D:11 dig vault


Innate Abilities, Weirdness & Mutations

You are too large for most types of armour.
You have claws for hands.
Your natural rate of healing is unusually fast.
Your thick and shaggy fur keeps you warm. (AC +3, rC+)
You have tough skin. (AC +1)
You have a pair of antennae on your head.
You are partially covered in iridescent scales. (AC +2)
You have a somewhat thin skeletal structure. (Dex +2, Stealth+)
Your skin changes colour to match your surroundings (Stealth+).
You are agile. (Dex +4, Str/Int -1)
You possess an exceptional clarity of mind.
Your mind is acute. (Int +4, Str/Dex -1)
Your flesh is heat resistant. (rF+)


Message History

The black mamba misses you.
The seven-headed hydra completely misses you.
The seven-headed hydra bites you but does no damage. x3
The seven-headed hydra bites you!
The seven-headed hydra barely misses you.
The seven-headed hydra bites you but does no damage.
The black mamba misses you. The seven-headed hydra bites you.
The seven-headed hydra bites you but does no damage. x3
The seven-headed hydra barely misses you.
The seven-headed hydra bites you but does no damage.
The seven-headed hydra barely misses you.
The black mamba bites you but does no damage.
Unknown command.
You sock the seven-headed hydra!
The seven-headed hydra is almost dead.
The ground is no longer liquid beneath you.
The seven-headed hydra bites you but does no damage.
The seven-headed hydra barely misses you.
The seven-headed hydra misses you.
The seven-headed hydra barely misses you.
The seven-headed hydra bites you.
The seven-headed hydra closely misses you.
The seven-headed hydra bites you! The black mamba closely misses you.
The seven-headed hydra misses you.
The seven-headed hydra bites you but does no damage.
The seven-headed hydra bites you. The seven-headed hydra misses you.
The seven-headed hydra bites you!
The seven-headed hydra bites you but does no damage. x2
The black mamba barely misses you.
Unknown command.
You bludgeon the seven-headed hydra!!
You kill the seven-headed hydra!
You flicker back into view.
The yak bellows!
Xom's power almost touches on you for a moment.
Your eyebrows wriggle.
The black mamba barely misses you. The black mamba bites you!
The skyshark barely misses you. The skyshark tail-slaps you.
The skyshark tail-slaps you but does no damage.
The black mamba bites you but does no damage.
The skyshark barely misses you. x2; The skyshark misses you.
The black mamba bites you but does no damage.
The raiju bites you but does no damage.
You are now empty-clawed.
The black mamba bites you but does no damage.
You claw the skyshark!
The skyshark is heavily wounded.
The skyshark bites you but does no damage.
The skyshark misses you. The skyshark barely misses you.
The black mamba bites you! The raiju bites you but does no damage.
The yak barely misses you.
The black mamba bites you but does no damage.
You barely miss the black mamba.
The black mamba is moderately wounded.
The black mamba bites you. The yak gores you but does no damage.
You scratch the yak.
The yak is severely wounded.
The black mamba bites you but does no damage.
The black mamba bites you! The yak gores you but does no damage.
You mangle the yak!!
You kill the yak!
Xom plays with reality for a moment.
The black mamba bites you but does no damage.
The skyshark bites you.
The skyshark tastes blood and grows stronger!
The skyshark misses you. The skyshark completely misses you.
You closely miss the skyshark.
The skyshark is heavily wounded.
The black mamba bites you but does no damage.
Unknown command.
You scratch the skyshark but do no damage.
The skyshark is heavily wounded.
The black mamba bites you.
Your rat barely misses the black mamba.
The skyshark hisses menacingly.
The skyshark bites you!!
* * * LOW HITPOINT WARNING * * *
The skyshark enters a blood-rage!
The skyshark tail-slaps you.
* * * LOW HITPOINT WARNING * * *
The skyshark tail-slaps you but does no damage.
The black mamba bites you but does no damage.
You barely miss the skyshark.
The skyshark is heavily wounded.
The skyshark misses you. The skyshark tail-slaps you.
* * * LOW HITPOINT WARNING * * *
The skyshark tail-slaps you but does no damage.
The black mamba closely misses you.
Your rat bites the black mamba but does no damage.
Unknown command.
Okay, then.
You mangle the skyshark!!
The skyshark is severely wounded.
The black mamba bites you.
* * * LOW HITPOINT WARNING * * *
The skyshark bites you!
* * * LOW HITPOINT WARNING * * *
The skyshark tail-slaps you!
* * * LOW HITPOINT WARNING * * *
The skyshark closely misses you. The black mamba bites you.
You die...
Xom thinks this is hilarious!

..###P##......#
.............# #..#.#.#
..## ## ##..<.##...#..#
##.......#.....
##....⌠....†# ...
##....##.#...## ... #
##....#####....## .l ..
#.†.####.###@r..##. ..
#...##.....#Sl..#.# .#
#..............†h†....+..#
..#⌠.....⌠..>..††....⌠..#
+...................+.#
###....#....###....#..#
.....##### #...#.....#
.#..... .Y...#...!.##
..#...# ##...###......


You could see a skyshark (berserk), a black mamba (ally target), a raiju and a
friendly rat (summoned).

Vanquished Creatures
  Snorg (D:10)
  Harold (D:11)
  3 hydras
  3 boulder beetles
  A two-headed ogre (D:5)
  A centaur warrior (D:11)
  A tengu warrior (D:11)
  A skyshark (Lair:2)
  Pikel (D:5)
  An orc sorcerer (Bailey)
  3 cyclopes (D:11)
  A manticore (D:11)
  Joseph (D:8)
  A cane toad (shapeshifter) (D:10)
  Maggie (D:6)
  2 cane toads
  A komodo dragon (shapeshifter) (Lair:1)
  A rime drake (Lair:1)
  An unseen horror (D:11)
  A yaktaur (Lair:1)
  A komodo dragon (Lair:1)
  2 kobold demonologists (D:11)
  Prince Ribbit (D:8)
  5 blink frogs (Lair:1)
  A vampire (D:11)
  2 wraiths
  15 yaks
  A wyvern (D:9)
  A basilisk (Lair:1)
  Grum (D:8)
  A steam dragon (D:8)
  6 vampire mosquitoes (D:11)
  An acid dragon (D:11)
  Duvessa (D:7)
  A water moccasin (Lair:1)
  14 orc warriors
  2 ice beasts
  2 ogres
  4 centaurs
  3 black bears
  5 wolves
  3 phantoms
  4 kobold brigands
  4 lemures
  6 gnoll sergeants
  6 scorpions
  3 wights (D:10)
  Dowan (D:7)
  21 killer bees
  3 electric eels (Bailey)
  A howler monkey (D:11)
  5 hounds
  11 orc priests
  A jelly (D:6)
  Crazy Yiuf (D:2)
  2 sleepcaps
  Jessica (D:3)
  2 gnoll boudas
  An iguana (D:5)
  14 orc wizards
  Robin (D:2)
  37 gnolls
  9 adders
  2 shadow imps (D:6)
  A white imp (D:7)
  4 ufetubi (D:6)
  4 dart slugs
  49 orcs
  8 ball pythons
  4 endoplasms
  4 giant cockroaches
  12 hobgoblins
  4 jackals
  2 quokkas
  3 bats
  5 frilled lizards
  21 goblins
  21 kobolds
  5 rats
383 creatures vanquished.

Vanquished Creatures (collateral kills)
  A gargoyle (D:10)
  An acid dragon (D:7)
  3 killer bees (D:7)
  An iguana (D:7)
  3 gnolls (D:7)
  An orc (D:7)
  3 kobolds (D:7)
13 creatures vanquished.

Vanquished Creatures (others)
  A kobold demonologist (Bailey)
  An orc warrior (Bailey)
  A wolf (D:8)
  A gnoll (Bailey)
4 creatures vanquished.

Grand Total: 400 creatures vanquished

Notes
Turn   | Place    | Note
-------+----------+-------------------------------------------
     0 | D:1      | GloriousHammer the Troll Chaos Knight began the quest for
                  | the Orb.
     0 | D:1      | Reached XP level 1. HP: 22/22 MP: 0/0
     2 | D:1      | Noticed a demigod
     2 | D:1      | Noticed a naga
     4 | D:1      | Noticed a vampire
     6 | D:1      | Noticed a tengu
     6 | D:1      | Noticed a formicid
     8 | D:1      | Noticed a meteoran
     8 | D:1      | Noticed a troll
    10 | D:1      | Noticed a human
    12 | D:1      | Noticed a felid
    12 | D:1      | Noticed a merfolk
    14 | D:1      | Noticed an octopode
    14 | D:1      | Noticed a minotaur
    16 | D:1      | Noticed a draconian
    18 | D:1      | Noticed an elf
    18 | D:1      | Noticed a vine stalker
    20 | D:1      | Noticed a spriggan
    20 | D:1      | Noticed a ghoul
    22 | D:1      | Noticed an ogre
    22 | D:1      | Noticed a gargoyle
    24 | D:1      | Noticed a felid
    24 | D:1      | Noticed a demonspawn
    26 | D:1      | Noticed a felid
    26 | D:1      | Noticed a vine stalker
    32 | D:1      | XOM: silly message
    57 | D:1      | XOM: potion effect (might)
    66 | D:1      | Reached XP level 2. HP: 29/29 MP: 1/1
   259 | D:1      | Reached skill level 4 in Unarmed Combat
   280 | D:1      | XOM: divination: detect creatures
   524 | D:2      | Identified the of Poicupsiev
   531 | D:2      | Reached XP level 3. HP: 36/36 MP: 2/2
   740 | D:2      | XOM: silly message
   874 | D:2      | Reached XP level 4. HP: 44/44 MP: 3/3
   912 | D:2      | XOM: silly message
   922 | D:2      | Reached skill level 5 in Unarmed Combat
   962 | D:2      | Found a faded altar of an unknown god.
  1012 | D:2      | Noticed Robin
  1037 | D:2      | Killed Robin
  1123 | D:2      | Found a runed translucent door.
  1124 | D:2      | Noticed Crazy Yiuf
  1436 | D:2      | XOM is BORED!
  1471 | D:2      | Killed Crazy Yiuf
  1472 | D:2      | Reached XP level 5. HP: 37/50 MP: 1/4
  1481 | D:2      | Identified the +6 hammer "Tec Hus Vou" {heavy, rN+++ Will-
                  | rCorr}
  1648 | D:3      | Reached skill level 6 in Unarmed Combat
  1714 | D:3      | Noticed Jessica
  1714 | D:3      | Identified the +10 hand axe "Umiad" {elec, rElec rC+ Will-
                  | Int+7}
  1716 | D:3      | Killed Jessica
  1719 | D:3      | XOM: potion effect (brilliance)
  1719 | D:3      | XOM: butterfly on damage
  1726 | D:3      | XOM: potion effect (might)
  1739 | D:3      | Reached XP level 6. HP: 45/59 MP: 5/5
  1795 | D:3      | XOM: silly message
  2151 | D:4      | Reached skill level 7 in Unarmed Combat
  2195 | D:4      | Found Gautumnoif's General Store.
  2203 | D:4      | Bought a potion of curing for 42 gold pieces
  2203 | D:4      | Bought a scroll of teleportation for 42 gold pieces
  2507 | D:4      | XOM: enchant monster (good)
  2511 | D:4      | Reached skill level 8 in Unarmed Combat
  2511 | D:4      | Reached XP level 7. HP: 57/66 MP: 6/6
  2748 | D:4      | XOM: give mutations
  2748 | D:4      | Gained mutation: You possess an exceptional clarity of
                  | mind. [Xom's grace]
  2748 | D:4      | Gained mutation: You have a pair of small antennae on your
                  | head. [Xom's grace]
  2748 | D:4      | Gained mutation: You are covered in thick fur. (AC +2)
                  | [Xom's grace]
  2836 | D:5      | Entered Level 5 of the Dungeon
  2843 | D:5      | XOM: cleaving
  2844 | D:5      | Noticed Pikel
  2854 | D:5      | XOM: enchant monster (good)
  2857 | D:4      | XOM: fog
  2864 | D:4      | HP: 2/66 [lemure[Pikel] (6)]
  2915 | D:5      | Killed Pikel
  2916 | D:5      | Reached skill level 10 in Unarmed Combat
  2916 | D:5      | Reached XP level 8. HP: 55/74 MP: 7/7
  3091 | D:5      | Noticed a two-headed ogre
  3100 | D:5      | Killed a two-headed ogre
  3101 | D:5      | Reached skill level 11 in Unarmed Combat
  3175 | D:5      | Reached skill level 12 in Unarmed Combat
  3175 | D:5      | Reached XP level 9. HP: 80/80 MP: 8/8
  3805 | D:6      | XOM: fog
  3819 | D:6      | Reached skill level 1 in Throwing
  3865 | D:6      | XOM: 2-stop teleportation journey
  3962 | D:6      | Noticed Maggie
  3968 | D:6      | XOM: cast spell 'Summon Cactus Giant'
  3968 | D:6      | XOM: butterfly on damage
  3976 | D:6      | Killed Maggie
  4086 | D:6      | XOM: 10-stop teleportation journey
  4110 | D:6      | Reached skill level 1 in Armour
  4268 | D:6      | Found a staircase to the Ecumenical Temple.
  4623 | D:6      | XOM: stat loss: -1 Str (29/30)
  4680 | Temple   | Entered the Ecumenical Temple
  4824 | D:7      | XOM: divination: detect items
  4833 | D:7      | XOM: fog
  4871 | D:7      | Reached XP level 10. HP: 81/92 MP: 9/9
  5017 | D:7      | Found Wavotag's Magic Scroll Shoppe.
  5039 | D:7      | Bought a scroll of fear for 44 gold pieces
  5039 | D:7      | Bought a scroll of enchant armour for 82 gold pieces
  5039 | D:7      | Bought a scroll of identify for 22 gold pieces
  5053 | D:7      | Bought a scroll of identify for 22 gold pieces
  5059 | D:7      | Noticed Dowan
  5059 | D:7      | Noticed Duvessa
  5069 | D:7      | Killed Dowan
  5072 | D:7      | Killed Duvessa
  5294 | D:8      | Noticed Joseph
  5299 | D:8      | Killed Joseph
  5310 | D:8      | Noticed Prince Ribbit
  5316 | D:8      | Killed Prince Ribbit
  5374 | D:8      | Found a radiant altar of Vehumet.
  5377 | D:8      | Noticed Grum
  5390 | D:8      | Killed Grum
  5707 | D:8      | Found a staircase to the Lair.
  5825 | D:8      | XOM: give mutations
  5825 | D:8      | Gained mutation: You are partially covered in iridescent
                  | scales. (AC +2) [Xom's grace]
  5825 | D:8      | Gained mutation: You have hidden genetic potential. [Xom's
                  | grace]
  6069 | D:8      | XOM: give mutations
  6069 | D:8      | Gained mutation: You have a pair of antennae on your head.
                  | [Xom's grace]
  6069 | D:8      | Gained mutation: You have a somewhat thin skeletal
                  | structure. (Dex +2, Stealth+) [Xom's grace]
  6069 | D:8      | Gained mutation: Your mind is acute. (Int +4, Str/Dex -1)
                  | [Xom's grace]
  6069 | D:8      | Gained mutation: Your thick and shaggy fur keeps you warm.
                  | (AC +3, rC+) [Xom's grace]
  6076 | D:8      | XOM: summons 3 hostile shadow creatures
  6216 | D:9      | Reached skill level 13 in Unarmed Combat
  6218 | D:9      | XOM: divination: magic mapping
  6232 | D:9      | XOM: summons 3 hostile shadow creatures
  6233 | D:9      | Noticed a two-headed ogre
  6428 | D:9      | XOM: cast spell 'Summon Hydra'
  6434 | D:9      | Reached skill level 1 in Evocations
  6949 | D:10     | XOM: noise
  6949 | D:10     | Entered Level 10 of the Dungeon
  6962 | D:10     | Reached skill level 5 in Fighting
  6986 | D:10     | Found a flagged portal.
  7025 | Bailey   | Entered a bailey
  7158 | Bailey   | Noticed an orc sorcerer
  7170 | Bailey   | Paralysed by an orc sorcerer for 4 turns
  7174 | Bailey   | XOM: cleaving
  7179 | Bailey   | Killed an orc sorcerer
  7180 | Bailey   | Reached skill level 5 in Dodging
  7180 | Bailey   | Reached XP level 11. HP: 88/104 MP: 7/10
  7205 | Bailey   | Found an iron altar of Okawaru.
  7208 | Bailey   | XOM: divine lightning
  7245 | Bailey   | Identified the +9 trident of Light {elec, rCorr Dex+2}
  7329 | Bailey   | Acquired 643 gold pieces
  7330 | Bailey   | Acquired a ring of see invisible
  7524 | D:10     | XOM: give mutation
  7524 | D:10     | Gained mutation: You are agile. (Dex +4, Str/Int -1) [Xom's
                  | grace]
  7525 | D:10     | Found Duukha Rituf's General Store.
  7533 | D:10     | Bought a throwing net for 33 gold pieces
  7533 | D:10     | Bought a potion of degeneration for 11 gold pieces
  7627 | D:10     | Noticed Snorg
  7733 | D:10     | XOM: potion effect (haste)
  7737 | D:10     | XOM: potion effect (haste)
  7740 | D:10     | Killed Snorg
  7753 | D:10     | Found a staircase to the Orcish Mines.
  7783 | D:10     | XOM: silly message
  7785 | D:10     | Gained mutation: Your muscles are strong. (Str +4, Int/Dex
                  | -1) [hidden potential]
  7843 | D:10     | XOM: silly message
  8202 | D:10     | XOM: polymorph gnoll -> shapeshifter
  8369 | D:11     | Identified the +1 leather armour of Grace {rCorr}
  8436 | D:11     | XOM: draining
  8440 | D:11     | Noticed Harold
  8456 | D:11     | XOM: chaos upgrade
  8462 | D:11     | Killed Harold
  8482 | D:11     | Noticed a six-headed hydra
  8514 | D:11     | Killed a six-headed hydra
  8582 | D:11     | Noticed a centaur warrior
  8694 | D:11     | Killed a centaur warrior
  8695 | D:11     | Reached skill level 14 in Unarmed Combat
  8695 | D:11     | Noticed a seven-headed hydra
  8696 | D:11     | XOM: chaos cloud
  8696 | D:11     | Noticed a tengu warrior
  8700 | D:11     | XOM: silly message
  8705 | D:11     | Killed a 14-headed hydra
  8716 | D:11     | Killed a tengu warrior
  8744 | D:11     | Noticed a boulder beetle
  8759 | D:11     | Killed a boulder beetle
  8760 | D:11     | Reached XP level 12. HP: 106/115 MP: 11/11
  8830 | D:11     | Gained mutation: Your flesh is heat resistant. (rF+)
                  | [hidden potential]
  8830 | D:11     | Lost mutation: You have hidden genetic potential. [hidden
                  | potential expressed]
  8852 | D:11     | Noticed a boulder beetle
  8869 | D:11     | Killed a boulder beetle
  8900 | D:11     | XOM: 3-stop teleportation journey
  9206 | Lair:1   | Entered Level 1 of the Lair of Beasts
  9218 | Lair:1   | XOM: polymorph cane toad -> yaktaur
  9224 | Lair:1   | Reached skill level 5 in Throwing
  9234 | Lair:1   | XOM: 1-stop teleportation journey
  9288 | Lair:1   | XOM: summons 7 hostile demons
  9352 | Lair:1   | Noticed a boulder beetle
  9360 | Lair:1   | Killed a boulder beetle
  9397 | Lair:1   | XOM: summons 7 hostile demons
  9403 | Lair:1   | XOM: blink monster(s)
  9432 | Lair:1   | XOM: give mutations
  9432 | Lair:1   | Gained mutation: Your skin changes colour to match your
                  | surroundings (Stealth+). [Xom's mischief]
  9432 | Lair:1   | Lost mutation: Your muscles are strong. (Str +4, Int/Dex
                  | -1) [Xom's mischief]
  9550 | Lair:1   | Reached skill level 5 in Armour
  9580 | Lair:1   | Identified the +8 chain mail of Evolution {Int+2}
  9617 | Lair:1   | XOM: swap monsters
  9805 | Lair:1   | XOM: blink monster(s)
  9809 | Lair:1   | XOM: polymorph yak -> shapeshifter
  9825 | Lair:1   | XOM: summons 1 hostile demon
 10062 | Lair:1   | You fall into a shaft and drop 1 floor!
 10065 | Lair:2   | XOM: noise
 10066 | Lair:2   | XOM: 1-stop teleportation journey
 10080 | Lair:2   | XOM: silly message
 10086 | Lair:2   | XOM: summons 4 friendly demons
 10105 | Lair:2   | Noticed a seven-headed hydra
 10107 | Lair:2   | XOM: cast spell 'Leda's Liquefaction'
 10120 | Lair:2   | Killed a seven-headed hydra
 10120 | Lair:2   | XOM: silly message
 10126 | Lair:2   | XOM: cast spell 'Summon Small Mammal'
 10130 | Lair:2   | HP: 4/119 [skyshark (7)]
 10130 | Lair:2   | Slain by a black mamba

Illustrated notes

Levels and vault maps discovered:
D:1:      kb_arrival_jail, layout_rooms
D:2:      wad_river_or_something, layout_basic, nicolae_ecumenical_lake_church,
          uniq_crazy_yiuf_cottage, uniq_robin
D:3:      layout_basic, minmay_misc_feat_roman, chequers_serial_rivers_small_a,
          uniq_jessica
D:4:      minmay_octagon_keep, layout_loops_ring, serial_shops, shop,
          chequers_hall_statues_wall_a, minivault_19
D:5:      layout_loops_ring, uniq_pikel
D:6:      layout_layer_cave, minmay_temple_entry_sparse_star, uniq_maggie
D:7:      layout_rooms, serial_shops, shop, nicolae_figureground_sparkle,
          uniq_duvessa
D:8:      nicolae_cairo_tiling_large, layout_basic, nicolae_vehumet_radiance,
          lair_entry_dummy, uniq_grum, uniq_joseph, uniq_prince_ribbit1
D:9:      layout_small_grid, minmay_variable_closet, minmay_misc_feat_five
D:10:     layout_roguey, david_orc_5, serial_shops, shop, enter_bailey_5,
          uniq_snorg
D:11:     minmay_ornate_pinched, layout_rooms, minmay_statues_item, uniq_harold
Temple:   nicolae_temple_bog_church
Lair:1:   layout_regular_city, nzn_sisyphean_effort
Lair:2:   layout_misc_corridors, elwin_shoals_entry_stream,
          alex1729_snake_entry_snake, grunt_megastairs_5, lemuel_fruit_tree

Skill      XL: |  1  2  3  4  5  6  7  8  9 10 11 12 |
---------------+-------------------------------------+-----
Unarmed Combat | 4 5 6 8 10 12 13 14 | 14.7
Dodging        | 3 5 6 7 |  7.5
Throwing       | 3 4 6 |  6.7
Fighting       | 3 5 6 7 |  7.7
Armour         | 2 4 5 |  5.5
Evocations     | 2 4 |  4.0

Action                     |  1- 3 |  4- 6 |  7- 9 | 10-12 || total
---------------------------+-------+-------+-------+-------++-------
  Melee: Unarmed           |    82 |   132 |   181 |   692 ||  1087
         Punch             |       |     4 |    10 |    54 ||    68
         Quarterstaff      |       |       |    16 |       ||    16
         Mace              |       |       |       |     9 ||     9
  Throw: Stone             |       |     2 |     6 |     2 ||    10
         Dart              |       |       |       |    11 ||    11
  Evoke: Wand              |       |       |       |     7 ||     7
    Use: Potion            |       |       |     2 |     3 ||     5
         Scroll            |       |       |     5 |    12 ||    17
   Stab: Paralysed         |       |       |     1 |       ||     1
         Distracted        |       |       |     1 |       ||     1
         Sleeping          |       |       |       |     4 ||     4
         Petrified         |       |       |       |     3 ||     3
         Petrifying        |       |       |       |     1 ||     1
         Invisible         |       |       |       |     5 ||     5
         Confused          |       |       |       |     2 ||     2
 Armour: Robe              |    78 |   119 |   128 |       ||   325
         Swamp dragon scal |       |       |    91 |   843 ||   934
  Dodge: Dodged            |    57 |    63 |   101 |   525 ||   746

Table legend: (Time is in decaauts)
 A = Elapsed time spent in this place.
 B = Non-inter-level travel time spent in this place.
 C = Inter-level travel time spent in this place.
 D = Time resting spent in this place.
 E = Time spent auto-exploring this place.
 F = Levels seen in this place.
 G = Mean time per level.
                   A        B        C        D        E       F      G
               +--------+--------+--------+--------+--------+-----+--------+
         Total |   9901 |   9433 |    468 |    300 |   6054 |  15 |  660.1 |
       Dungeon |   8552 |   8115 |    437 |    262 |   5464 |  11 |  777.5 |
        Temple |      1 |      1 |      0 |      0 |      0 |   1 |    1.0 |
          Lair |    883 |    853 |     30 |     35 |    427 |   2 |  441.5 |
        Bailey |    463 |    463 |      0 |      3 |    163 |   1 |  463.0 |
               +--------+--------+--------+--------+--------+-----+--------+

Top non-repeatable levels by time:
     D:6: 1128 daAuts
     D:8: 1037 daAuts
     D:2: 1010 daAuts
     D:9: 834 daAuts
  Lair:1: 822 daAuts
    D:11: 778 daAuts
    D:10: 772 daAuts
     D:4: 738 daAuts
     D:5: 679 daAuts
     D:3: 596 daAuts
     D:1: 521 daAuts
  Bailey: 463 daAuts
     D:7: 454 daAuts
  Lair:2: 60 daAuts
  Temple: 1 daAuts
